 Dungeon Crawl Stone Soup version 0.31-a0-799-g6bc09d010c (webtiles) character file.

Game seed: 1540943481121220688

4 cforsyth the Sneak (level 1, -5/20 HPs)
             Began as a Djinni Delver on Sept 20, 2023.
             Slain by an orc priest
             ... wielding a +0 hand axe
              (6 damage)
             ... on level 4 of the Dungeon.
             The game lasted 00:01:28 (274 turns).

cforsyth the Sneak (Djinni Delver)                   Turns: 274, Time: 00:01:29

Health: -5/20      AC:  3    Str: 11    XL:     1   Next: 66%
Gold:   49         EV: 12    Int: 11    God:
                   SH:  0    Dex: 14

rFire   + + .        a - +0 falchion
rCold   x . .        (no shield)
rNeg    . . .        b - +0 leather armour
rPois   ∞            (no helmet)
rElec   .            (no cloak)
rCorr   .            (no gloves)
SInv    .            (boots unavailable)
Will    .....        (no amulet)
Stlth   ++           (no ring)
HPRegen 0.23/turn    (no ring)
MPRegen 0.00/turn

%: infuse magic (-6 HP)
@: flying
A: sickness immunity, fire resistance 2, cold vulnerability 1, float, innate
caster, HP casting, extra vitality 1
a: no special abilities


You were on level 4 of the Dungeon.
You visited 2 branches of the dungeon, and saw 3 of its levels.

You collected 49 gold pieces.

Inventory:

Hand Weapons
 a - a +0 falchion (weapon)
Armour
 b - a +0 leather armour (worn)
Jewellery
 e - an amulet of faith
 h - a ring of willpower
Wands
 g - a wand of digging (3)
Scrolls
 c - a scroll of fog
 d - a scroll of revelation


   Skills:
 + Level 3.1 Fighting
 - Level 1.7 Long Blades
 - Level 2.1 Dodging
 - Level 4.1 Stealth
 + Level 0.2 Spellcasting
 + Level 0.2 Conjurations
 + Level 0.2 Hexes
   Level 0.0 Charms
 + Level 0.2 Summonings
 + Level 0.2 Necromancy
 + Level 0.2 Translocations
 + Level 0.2 Transmutations
 + Level 0.2 Fire Magic
 + Level 0.2 Ice Magic
 + Level 0.2 Air Magic
 + Level 0.2 Earth Magic
 + Level 0.2 Poison Magic You didn't know any spells. Your spell library was empty.

Dungeon Overview and Level Annotations

Branches:
Dungeon (5/15)             Temple (1/1) D:4

Altars:
Cheibriados
Dithmenos
Fedhas
Gozag
Nemelex Xobeh
Okawaru
Qazlal
Uskayaw
Wu Jian
Xom
Yredelemnul
Zin
The Shining One

Annotations:
D:5 Menkaure


Innate Abilities, Weirdness & Mutations

You are immune to sickness and miasma.
You are immune to poison.
Your flesh is very heat resistant. (rF++)
You are vulnerable to cold. (rC-)
You float through the air rather than walking.
You learn spells naturally, not from books.
Your magical power is your life essence.
You have superior vitality. (+4 MHP)


Message History

The orc is moderately wounded.
The orc hits you with a +0 dagger.
The orc priest looks encouraged for a moment.
The orc hits you with a +0 dagger.
You closely miss the orc.
The orc is moderately wounded.
The orc priest hits you with a +0 hand axe.
The orc hits you with a +0 hand axe. The orc hits you with a +0 dagger.
* * * LOW HITPOINT WARNING * * *
You are too injured to fight recklessly!
You are too injured to fight recklessly!
You are too injured to fight recklessly!
You are too injured to fight recklessly!
You are too injured to fight recklessly!
You are too injured to fight recklessly!
You are too injured to fight recklessly!
Okay, then.
You aren't carrying any potions.
Okay, then.
You hit the orc priest.
The orc priest is lightly wounded.
The orc hits you but does no damage. The orc priest closely misses you.
The orc misses you. The orc hits you with a +0 dagger.
* * * LOW HITPOINT WARNING * * *
You hit the orc priest but do no damage.
The orc priest is lightly wounded.
The orc closely misses you.
The orc priest hits you but does no damage.
The orc misses you. The orc hits you but does no damage.
You hit the orc priest but do no damage.
The orc priest is lightly wounded.
The orc hits you with a +0 club.
* * * LOW HITPOINT WARNING * * *
The orc priest hits you but does no damage.
The orc hits you with a +0 dagger.
* * * LOW HITPOINT WARNING * * *
The orc hits you with a +0 hand axe.
* * * LOW HITPOINT WARNING * * *
The orc priest hits you with a +0 hand axe.
You die...

#^# #.# ### #.# #.. #.#
##.########.#
#.......##..###### ###
#..#.............##
#....#o...)...........).
......o@o..##...##......
.#.####o.####.....###.#..
.........# #.......##.##.
###>.# #.......##.###
#.......##.......(.#..
#.########.........###
####....... ####....#
#....#


You could see an orc priest and 3 orcs.

Vanquished Creatures
  An orc (D:5)
  A goblin (D:4)
  A kobold (D:4)
3 creatures vanquished.

Notes
Turn   | Place    | Note
-------+----------+-------------------------------------------
     0 | D:5      | cforsyth the Djinni Delver began the quest for the Orb.
     0 | D:5      | Reached XP level 1. HP: 20/20 MP: 0/0
    65 | D:4      | Noticed an orc priest
    82 | D:5      | Noticed an orc wizard
   101 | D:5      | Noticed Menkaure
   106 | D:5      | Noticed an iguana
   163 | D:4      | Found a staircase to the Ecumenical Temple.
   194 | D:4      | Noticed an iguana
   202 | Temple   | Entered the Ecumenical Temple
   211 | D:4      | Found an ornate altar of the Wu Jian Council.
   274 | D:4      | HP: 1/20 [orc/+0 hand axe (2)]
   274 | D:4      | Slain by an orc priest

Illustrated notes

Levels and vault maps discovered:
D:4:      kennysheep_spiral_hall, layout_basic, nzn_wu_jian_contemplation,
          nicolae_hepliaklqana_hippocampus, cheibrodos_ashenzari_chains,
          minmay_temple_entry_offerings, dk_rats_in_the_wall
D:5:      layout_rooms, elyvilon_altar_1, uniq_menkaure
Temple:   nicolae_temple_two_arcs

Action                     || total
---------------------------++-------
  Melee: Falchion          ||    12
    Use: Scroll            ||     1
         Potion            ||     1
 Armour: Leather armour    ||    30
  Dodge: Dodged            ||    15

Table legend: (Time is in decaauts)
 A = Elapsed time spent in this place.
 B = Non-inter-level travel time spent in this place.
 C = Inter-level travel time spent in this place.
 D = Time resting spent in this place.
 E = Time spent auto-exploring this place.
 F = Levels seen in this place.
 G = Mean time per level.
                   A        B        C        D        E       F      G
               +--------+--------+--------+--------+--------+-----+--------+
         Total |    257 |    257 |      0 |      0 |     78 |   3 |   85.7 |
       Dungeon |    255 |    255 |      0 |      0 |     78 |   2 |  127.5 |
        Temple |      1 |      1 |      0 |      0 |      0 |   1 |    1.0 |
               +--------+--------+--------+--------+--------+-----+--------+

Top non-repeatable levels by time:
     D:5: 143 daAuts
     D:4: 112 daAuts
  Temple: 1 daAuts
